 Dungeon Crawl Stone Soup version 0.30.1-3-gfc49f6343a (webtiles) character file.

Game seed: 12830193400602728416

4459 monsoonserge the Thaumaturge (level 10, -11/67 HPs)
             Began as a Djinni Venom Mage on July 21, 2023.
             Was a Follower of Elyvilon.
             Mangled by a troll (12 damage)
             ... on level 7 of the Dungeon.
             The game lasted 00:31:48 (6541 turns).

monsoonserge the Thaumaturge (Djinni Venom Mage)    Turns: 6541, Time: 00:31:49

Health: -11/67     AC:  4    Str:  7    XL:     10   Next: 63%
Gold:   354        EV: 13    Int: 22    God:    Elyvilon [*.....] SH:  0 Dex: 13

rFire   + + +        b - +3 quarterstaff
rCold   + . .        (shield currently unavailable)
rNeg    . . .        o - +1 robe {rC+ rF+}
rPois   ∞            f - +0 helmet
rElec   .            B - scarf {rC+ rF+}
rCorr   +            (no gloves)
SInv    .            (boots unavailable)
Will    ++...        (no amulet)
Stlth   ++           i - ring of willpower
HPRegen 0.31/turn    z - ring of resist corrosion
MPRegen 0.00/turn

%: infuse magic (-12 HP)
@: flying
A: sickness immunity, fire resistance 2, cold vulnerability 1, float, innate
caster, HP casting, extra vitality 1
a: Renounce Religion, Purification


You were on level 7 of the Dungeon.
You worshipped Elyvilon.
Elyvilon was aware of your devotion.
You visited 2 branches of the dungeon, and saw 8 of its levels.

You collected 354 gold pieces.

Inventory:

Hand Weapons
 b - a +3 quarterstaff (weapon)
 D - a +2 hand axe of freezing
Missiles
 p - 2 throwing nets
 v - 6 boomerangs (quivered)
 A - 11 poisoned darts
Armour
 f - a +0 helmet (worn)
 o - a +1 robe of resistance (worn)
 B - a scarf of resistance (worn)
Magical Staves
 a - a staff of poison
Jewellery
 i - a ring of willpower (left hand)
 n - a +6 ring of strength
 z - a ring of resist corrosion (right hand)
Wands
 g - a wand of flame (23)
 t - a wand of mindburst (17)
 u - a wand of digging (9)
Scrolls
 c - a scroll of fog {unknown}
 d - 4 scrolls of fear {unknown}
 e - 4 scrolls of identify {unknown}
 h - a scroll of amnesia {unknown}
 k - 2 scrolls of blinking {unknown}
 r - 2 scrolls of silence {unknown}
 s - a scroll of poison {unknown}
 x - a scroll of enchant armour {unknown}
 C - a scroll of teleportation {unknown}
Potions
 j - 4 potions of resistance {unknown}
 l - 2 potions of invisibility {unknown}
 m - a potion of ambrosia {unknown}
 q - a potion of cancellation {unknown}
 w - a potion of might {unknown}
 y - 4 potions of curing {unknown}
 E - a potion of magic {unknown}


   Skills:
 * Level 3.9 Fighting
 + Level 0.6 Short Blades
 + Level 3.3 Staves
 - Level 1.3 Armour
 + Level 4.5 Dodging
 - Level 2.0 Stealth
 * Level 10.1 Spellcasting
 - Level 1.0 Invocations
 - Level 2.0 Evocations


You knew the following spells:

 Your Spells              Type           Power      Damage    Failure   Level
a - Sting                 Tmut/Pois      100%       1d8       1%          1
b - Poisonous Vapours     Pois/Air       100%       N/A       1%          2
c - Mephitic Cloud        Conj/Pois/Air  54%        N/A       1%          3
d - Olgreb's Toxic Radia  Pois           54%        N/A       1%          4
e - Beastly Appendage     Tmut           100%       N/A       1%          1
f - Static Discharge      Conj/Air       100%       2-7/arc   1%          2
g - Call Canine Familiar  Summ           54%        N/A       1%          3
h - Dazzling Flash        Conj/Hex       100%       N/A       1%          3
Your spell library was empty.

Dungeon Overview and Level Annotations

Branches:
Dungeon (7/15)             Temple (1/1) D:5

Altars:
Ashenzari
Dithmenos
Elyvilon
Fedhas
Hepliaklqana
Makhleb
Nemelex Xobeh
Okawaru
Qazlal
Ru
Uskayaw
Wu Jian
Yredelemnul
Zin
The Shining One

Shops:
D:6 *


Innate Abilities, Weirdness & Mutations

You are immune to sickness and miasma.
You are immune to poison.
Your flesh is very heat resistant. (rF++)
You are vulnerable to cold. (rC-)
You float through the air rather than walking.
You learn spells naturally, not from books.
Your magical power is your life essence.
You have superior vitality. (+4 MHP)


Message History

The troll is engulfed in noxious fumes.
Casting: Poisonous Vapours (safe; 1% risk of failure)
Confirm with . or Enter, or press ? or * to list all spells.
Aiming: Sting (safe; 1% risk of failure)
Press: ? - help, Shift-Dir - straight line, f - troll
Aim: a troll (confused, ally target, 92% to hit)
The sting hits the troll.
The troll is poisoned.
The troll is lightly wounded.
The troll seems less confused.
Your wolf completely misses the troll.
Your wolf bites the troll but does no damage.
The troll barely misses you. x2; The troll claws you!
* * * LOW HITPOINT WARNING * * *
Something hits the troll but does no damage.
Your wolf barely misses the troll.
Unknown command.
Okay, then.
Okay, then.
You feel purified!
Something hits the troll.
Something misses your wolf.
Your wolf bites the troll but does no damage.
The troll closely misses your wolf. The troll barely misses your wolf. x2
Your wolf bites the troll but does no damage.
The troll bites the troll!
The troll claws the troll.
The troll closely misses the troll.
Something hits the troll.
The troll misses your wolf. The troll barely misses your wolf.
The troll misses your wolf.
Your wolf bites the troll.
The troll bites your wolf. The troll claws your wolf. x2
Casting: Sting (safe; 1% risk of failure)
Confirm with . or Enter, or press ? or * to list all spells.
Casting: Dazzling Flash (safe; 1% risk of failure)
Press: ? - help, Dir - look around, f - activate Look: a troll (lightly wounded, confused, poisoned, chance to dazzle: 67%)
The troll is dazzled.
* * * LOW HITPOINT WARNING * * *
Something misses your wolf. Something hits your wolf!
Your wolf is killed!
Your wolf's corpse disappears in a puff of smoke!
The troll bites you!
* * * LOW HITPOINT WARNING * * *
The troll claws you!
You die...

###..### ...# }.#
#..##..### ..# ).#
###..##..###.# #.#
#[.##..##))..# ###)#
###..##..###.. #..)#
#..##..###.... #..
#..{# ###..###....#.
#.#
#TT###..###...##.##
# #.#.#
#@#..###...#.##.##
#.# #.#.#
##.)##...#...##.##
#.# #.#.#
#..###....#......##
.. #.#.#
#.###...############
### #.#.# ###...###
..# #.#.# ###.....#
..# #.#.####...###.#
..###..###..)###
#... ..............#
###.#


You could see 2 trolls.

Vanquished Creatures
  A two-headed ogre (D:7)
  Prince Ribbit (D:7)
  Sigmund (D:2)
  A wraith (D:7)
  6 yaks (D:7)
  Edmund (D:5)
  A sky beast (D:7)
  An orc warrior (D:7)
  A black bear (D:4)
  2 ogres
  4 phantoms
  2 kobold brigands
  3 scorpions
  2 howler monkeys
  A jelly (D:5)
  An orc priest (D:5)
  5 hounds
  2 gnoll boudas
  An orc wizard (D:5)
  A sleepcap (D:5)
  9 gnolls
  7 adders
  A white imp (D:6)
  3 ufetubi (D:6)
  2 worms
  A dart slug (D:4)
  6 orcs
  5 ball pythons
  10 endoplasms
  A giant cockroach (D:4)
  8 goblins
  11 hobgoblins
  10 kobolds
  5 bats
  4 frilled lizards
  5 rats
126 creatures vanquished.

Vanquished Creatures (collateral kills)
  A black bear (D:7)
  An ice beast (D:6)
  A sky beast (D:6)
  A centaur (D:6)
  A gnoll sergeant (D:7)
  2 howler monkeys (D:4)
  An orc priest (D:7)
  A hound (D:7)
  2 sleepcaps (D:5)
  2 iguanas
  An orc wizard (D:7)
  A gnoll (D:5)
  3 adders
  2 white imps (D:7)
  4 orcs
  An endoplasm (D:4)
  A quokka (D:5)
26 creatures vanquished.

Vanquished Creatures (others)
  A human (D:6)
1 creature vanquished.

Grand Total: 153 creatures vanquished

Notes
Turn   | Place    | Note
-------+----------+-------------------------------------------
     0 | D:1      | monsoonserge the Djinni Venom Mage began the quest for the
                  | Orb.
     0 | D:1      | monsoonserge set off with the following spells memorised:
                  | Sting, Poisonous Vapours, Mephitic Cloud, Olgreb's Toxic
                  | Radiance.
     0 | D:1      | Reached XP level 1. HP: 15/15 MP: 0/0
    87 | D:1      | You are sucked into a shaft and drop 1 floor!
   173 | D:2      | Reached XP level 2. HP: 13/21 MP: 0/0
   269 | D:2      | Reached skill level 3 in Spellcasting
   498 | D:2      | Reached XP level 3. HP: 23/25 MP: 0/0
   498 | D:2      | Learned a level 1 spell: Beastly Appendage
  1058 | D:2      | Noticed Sigmund
  1070 | D:2      | Killed Sigmund
  1071 | D:2      | Reached skill level 1 in Armour
  1071 | D:2      | Reached skill level 4 in Spellcasting
  1071 | D:2      | Reached XP level 4. HP: 22/31 MP: 0/0
  1071 | D:2      | Reached XP level 5. HP: 25/35 MP: 0/0
  1071 | D:2      | Learned a level 2 spell: Static Discharge
  1071 | D:2      | Reached XP level 6. HP: 28/40 MP: 0/0
  1226 | D:2      | Found a faded altar of an unknown god.
  1884 | D:3      | Found an iron altar of Okawaru.
  2414 | D:3      | Reached skill level 5 in Spellcasting
  2509 | D:4      | Reached XP level 7. HP: 20/46 MP: 0/0
  2509 | D:4      | Learned a level 3 spell: Call Canine Familiar
  3034 | D:4      | Reached skill level 6 in Spellcasting
  3313 | D:4      | Reached XP level 8. HP: 37/51 MP: 0/0
  3550 | D:5      | Entered Level 5 of the Dungeon
  3731 | D:5      | Reached skill level 1 in Fighting
  3901 | D:5      | Noticed Edmund
  3926 | D:5      | Killed Edmund
  3927 | D:5      | Reached skill level 7 in Spellcasting
  4050 | D:5      | Found a staircase to the Ecumenical Temple.
  4058 | Temple   | Entered the Ecumenical Temple
  4208 | Temple   | Became a worshipper of Elyvilon the Healer
  4426 | D:5      | Reached skill level 1 in Staves
  4429 | D:5      | Reached XP level 9. HP: 56/58 MP: 0/0
  4429 | D:5      | Learned a level 3 spell: Dazzling Flash
  4429 | D:5      | Found a glowing silver altar of Zin.
  4485 | D:5      | Found a hide-covered altar of Uskayaw.
  5026 | D:6      | Reached skill level 8 in Spellcasting
  5081 | D:6      | Reached skill level 1 in Evocations
  5168 | D:6      | Found Nysmi's Assorted Antiques.
  5221 | D:6      | Reached * piety under Elyvilon
  5551 | D:6      | Found a basalt altar of Yredelemnul.
  5554 | D:6      | Found a glowing golden altar of the Shining One.
  5556 | D:6      | Noticed an angel
  5572 | D:6      | Noticed a profane servitor
  6141 | D:7      | Reached skill level 1 in Invocations
  6143 | D:7      | Noticed Prince Ribbit
  6147 | D:7      | Reached XP level 10. HP: 41/67 MP: 0/0
  6150 | D:7      | Reached skill level 9 in Spellcasting
  6261 | D:7      | Killed Prince Ribbit
  6525 | D:7      | Noticed a two-headed ogre
  6535 | D:7      | Killed a two-headed ogre
  6536 | D:7      | Reached skill level 10 in Spellcasting
  6541 | D:7      | HP: 1/67 [troll (14)]
  6541 | D:7      | Mangled by a troll

Illustrated notes

Levels and vault maps discovered:
D:1:      tarquinn_simple_flora_water_d, layout_rooms, serial_corexii_hall,
          chequers_hall_statues_corner_a, chequers_hall_statues_y
D:2:      layout_loops_ring, hellmonk_ecumenical_altar_inner_sanctum,
          uniq_sigmund
D:3:      layout_loops_cross, hellmonk_okawaru_the_only_friend_you_need
D:4:      layout_gridville
D:5:      layout_gridville, zin_treasury, eat_drink_and_be_merry_uskayaw,
          minmay_temple_entry_overgrown, hellmonk_no_cap, uniq_edmund
D:6:      layout_basic, tgw_kikubaaqudgha, grunt_temple_overflow_holy_war,
          serial_shops, shop, st_stairs_2, lexackson_kobold_supper
D:7:      minmay_the_grid_triangle_9x9_recursive_2
          [minmay_the_grid_triangle_9x9_prize_schism,
          minmay_the_grid_triangle_9x9_steps,
          minmay_the_grid_triangle_9x9_impossible_snake,
          minmay_the_grid_triangle_9x9_stretched_checkered],
          layout_loops_corners, uniq_pikel, uniq_joseph, uniq_prince_ribbit1
Temple:   nicolae_temple_bog_church

Skill      XL: |  1  2  3  4  5  6  7  8  9 10 |
---------------+-------------------------------+-----
Spellcasting   | 3 4 5 6 7 8 10 | 10.1
Armour         | 1 |  1.3
Stealth        | 2 |  2.0
Dodging        | 3 4 |  4.5
Fighting       | 1 3 |  3.9
Staves         | 1 2 3 |  3.3
Evocations     | 2 |  2.0
Invocations    | 1 |  1.0
Short Blades   | |  0.6

Action                     |  1- 3 |  4- 6 |  7- 9 | 10-12 || total
---------------------------+-------+-------+-------+-------++-------
  Melee: Short sword       |     4 |       |       |       ||     4
         Dagger            |    13 |       |       |       ||    13
         Staff             |    13 |     8 |    52 |     6 ||    79
         Headbutt          |     2 |       |     2 |       ||     4
         Quarterstaff      |       |       |    56 |     4 ||    60
         Punch             |       |       |     1 |       ||     1
   Cast: Sting             |    38 |    50 |    65 |     5 ||   158
         Poisonous Vapours |     2 |     2 |    32 |    16 ||    52
         Beastly Appendage |     2 |     1 |     2 |       ||     5
         Mephitic Cloud    |     1 |       |     9 |     2 ||    12
         Static Discharge  |       |     7 |     1 |     2 ||    10
         Call Canine Famil |       |       |    14 |     3 ||    17
         Olgreb's Toxic Ra |       |       |     5 |       ||     5
         Dazzling Flash    |       |       |       |     1 ||     1
 Invoke: Purification      |       |       |       |     1 ||     1
   Stab: Sleeping          |     2 |       |     1 |       ||     3
         Distracted        |       |       |     3 |       ||     3
         Confused          |       |       |     1 |       ||     1
 Armour: Robe              |    14 |    11 |    25 |     2 ||    52
  Dodge: Dodged            |    27 |    19 |    69 |     7 ||   122
